 Dungeon Crawl Stone Soup version 0.30.1-11-g7821555f0a (webtiles) character file.

Game seed: 2049950655926583845

399 DoubleLucky the Summoner (level 6, 0/32 HPs)
             Began as a Tengu Summoner on Jan 6, 2024.
             Succumbed to a hornet's poison
             ... on level 7 of the Dungeon.
             The game lasted 00:20:53 (2842 turns).

DoubleLucky the Summoner (Tengu Summoner)           Turns: 2842, Time: 00:20:54

Health: 0/32       AC:  7    Str:  8    XL:     6   Next: 84%
Magic:  2/10       EV: 15    Int: 15    God:
Gold:   103        SH:  0    Dex: 17    Spells: 3/9 levels left

rFire   + . .        g - +3 dagger (speed)
rCold   + . .        (no shield)
rNeg    . . .        v - +1 robe {rC+ rF+}
rPois   .            (helmet restricted)
rElec   .            k - +0 cloak
rCorr   .            o - +2 pair of gloves
SInv    .            (boots unavailable)
Will    .....        (no amulet)
Stlth   ++           (no ring)
HPRegen 0.25/turn    (no ring)
MPRegen 0.12/turn

%: no passive effects
@: lethally poisoned (0 -> -5), flying quickly and evasively, slowed, very slow
A: beak, talons 3, nimble flight
a: no special abilities


You were on level 7 of the Dungeon.
You visited 1 branch of the dungeon, and saw 5 of its levels.

You collected 103 gold pieces.

Inventory:

Hand Weapons
 c - a +0 dagger
 g - a +3 dagger of speed (weapon)
 l - a +0 scythe
Missiles
 d - 28 stones
Armour
 a - a +0 robe
 k - a +0 cloak (worn)
 o - a +2 pair of gloves (worn)
 u - the +1 robe "Wykeff" {rElec rF- Str+8}
   (You found it on level 4 of the Dungeon)

   Str:       It affects your strength (+8).
   rF:        It makes you vulnerable to fire.
   rElec:     It insulates you from electricity.
 v - a +1 robe of resistance (worn)
Wands
 h - a wand of digging (7)
 m - a wand of polymorph (12)
Scrolls
 e - a scroll of enchant armour {unknown}
 f - 3 scrolls of identify {unknown}
 j - 3 scrolls of teleportation {unknown}
 p - a scroll of vulnerability {unknown}
 s - a scroll of immolation {unknown}
 t - a scroll of poison {unknown}
Potions
 b - 2 potions of magic
 i - a potion of resistance {unknown}
 n - a potion of attraction {unknown}
 q - 2 potions of curing {unknown}
 r - a potion of berserk rage {unknown}


   Skills:
 - Level 2.1 Dodging
 - Level 2.0 Stealth
 - Level 2.0 Spellcasting
 + Level 9.5 Summonings


You had 3 spell levels left.
You knew the following spells:

 Your Spells              Type           Power      Damage    Failure   Level
a - Summon Small Mammal   Summ           100%       N/A       1%          1
b - Call Imp              Summ           60%        N/A       1%          2
c - Call Canine Familiar  Summ           30%        N/A       1%          3

Your spell library contained the following spells:

 Spells                   Type           Power      Damage    Failure   Level
 Summon Guardian Golem    Hex/Summ       15%        N/A       10%         3
 Magic Dart               Conj           4%         1d3       22%         1
 Mephitic Cloud           Conj/Pois/Air  1%         N/A       54%         3
 Summon Lightning Spire   Summ/Air       15%        N/A       30%         4


Dungeon Overview and Level Annotations

Branches:
Dungeon (4/15)
 Temple: D:4-7

Altars:
Ru
Trog

Shops:
D:2 [


Innate Abilities, Weirdness & Mutations

You have a beak for a mouth.
You have claws for feet.
Your magical nature lets you fly swiftly and evasively.


Message History

The iguana closely misses your cerulean imp.
Your rat misses the hornet.
You can move again.
You closely miss the hornet. You claw the hornet, but do no damage.
You peck the hornet, but do no damage.
The hornet is heavily wounded.
Your hound barely misses the iguana.
The hornet completely misses you.
Your cerulean imp hits the hornet with a -1 spear.
The iguana misses your cerulean imp.
Your hound barely misses the iguana.
You hit the hornet but do no damage. Your kick misses the hornet.
The hornet is heavily wounded.
You feel yourself speed up.
The hornet stings you but does no damage.
Your rat bites the hornet.
Your cerulean imp barely misses the hornet.
Your hound bites the iguana but does no damage.
The iguana misses your cerulean imp. The hornet stings your rat!
Your rat dies!
Your rat's corpse disappears in a puff of smoke!
You barely miss the hornet. You claw the hornet, but do no damage.
Your peck misses the hornet.
The hornet is heavily wounded.
Your hound bites the iguana but does no damage.
Your cerulean imp misses the hornet.
The hornet stings you!
You are poisoned.
You feel yourself slow down.
The iguana closely misses your cerulean imp.
Casting: Summon Small Mammal (safe; 1% risk of failure)
Confirm with . or Enter, or press ? or * to list all spells.
You feel very sick. The hornet stings you!
* * * LOW HITPOINT WARNING * * *
You feel as though you will be slow longer.
Your hound bites the iguana but does no damage.
Your cerulean imp barely misses the hornet.
The hornet barely misses you. The iguana bites your hound.
Your hound bites the iguana but does no damage.
You hit the hornet. Your kick misses the hornet. You peck the hornet.
The hornet is severely wounded.
You die...

# .. .# .#
########.###
#..........#
#..........#
#.....b5...#
#.....@yl..#
########.h....#
..##### ..# l.#
..# ... ...


You could see a hornet (ally target), an iguana (distracted), a friendly hound
(summoned), a friendly cerulean imp (summoned) and a friendly bat (summoned).

Vanquished Creatures
  Natasha (D:2)
  An adder (D:2)
  A worm (D:2)
  3 ball pythons
  2 endoplasms
  A giant cockroach (D:1)
  2 hobgoblins
  A quokka (D:1)
  3 bats
  7 goblins
  2 rats
24 creatures vanquished.

Vanquished Creatures (collateral kills)
  Sigmund (D:2)
  A howler monkey (D:3)
  Natasha (twice) (D:2)
  Robin (D:3)
  2 adders
  A gnoll (D:1)
  A worm (D:2)
  A dart slug (D:2)
  An orc (D:3)
  2 bats (D:2)
  3 endoplasms
  A giant cockroach (D:3)
  9 goblins
  3 hobgoblins
  2 jackals (D:2)
  2 quokkas
  3 ball pythons (D:1)
  2 kobolds (D:1)
  6 rats
44 creatures vanquished.

Grand Total: 68 creatures vanquished

Notes
Turn   | Place    | Note
-------+----------+-------------------------------------------
     0 | D:1      | DoubleLucky the Tengu Summoner began the quest for the Orb.
     0 | D:1      | Reached XP level 1. HP: 10/10 MP: 4/4
    52 | D:1      | Reached skill level 5 in Summonings
   101 | D:1      | Reached XP level 2. HP: 13/15 MP: 4/6
   598 | D:1      | Reached skill level 6 in Summonings
   598 | D:1      | Reached XP level 3. HP: 19/19 MP: 5/7
   642 | D:1      | Learned a level 2 spell: Call Imp
   850 | D:2      | Found a bloodstained altar of Trog.
   985 | D:2      | Found Baugaim's Antique Armour Boutique.
  1173 | D:2      | Noticed Sigmund
  1186 | D:2      | Killed Sigmund
  1187 | D:2      | Reached skill level 8 in Summonings
  1187 | D:2      | Reached XP level 4. HP: 24/24 MP: 2/8
  1187 | D:2      | Gained mutation: Your magical nature lets you fly swiftly
                  | and evasively. [Tengu growth]
  1187 | D:2      | Reached XP level 5. HP: 28/28 MP: 2/9
  1285 | D:2      | Noticed Natasha
  1503 | D:2      | Killed Natasha
  1504 | D:2      | Reached XP level 6. HP: 29/32 MP: 6/10
  1569 | D:2      | Noticed Natasha
  1576 | D:2      | Killed Natasha
  1609 | D:2      | Noticed Natasha
  1623 | D:2      | Killed Natasha
  1814 | D:2      | Reached skill level 9 in Summonings
  1847 | D:2      | Learned a level 3 spell: Call Canine Familiar
  2051 | D:3      | Noticed Robin
  2070 | D:3      | Killed Robin
  2178 | D:3      | Found a sacrificial altar of Ru.
  2300 | D:3      | Identified the +6 war axe of the Gloaming {speed, Will-
                  | Str+4 Int+3 Dex+3}
  2778 | D:4      | Identified the +1 robe "Wykeff" {rElec rF- Str+8}
  2814 | D:4      | You are sucked into a shaft and drop 3 floors!
  2826 | D:7      | Noticed a hornet
  2835 | D:7      | Paralysed by a hornet for 2 turns
  2842 | D:7      | Succumbed to a hornet's poison

Illustrated notes

Levels and vault maps discovered:
D:1:      giann_forest_graveyard, layout_rooms, minivault_25
D:2:      layout_loops_ring, basic_altar, serial_shops, shop, minmay_puff,
          uniq_sigmund, uniq_natasha
D:3:      layout_basic, nicolae_ru_awakened_eye, uniq_robin
D:4:      layout_loops_cross, grunt_gozag_statues
D:7:      layout_basic, marbit_many_paths, minmay_temple_entry_enclosed_plants

Skill      XL: |  1  2  3  4  5  6 |
---------------+-------------------+-----
Summonings     | 5 6 8 9 |  9.5
Dodging        | |  2.1
Stealth        | |  2.0
Spellcasting   | |  2.0

Action                     |  1- 3 |  4- 6 || total
---------------------------+-------+-------++-------
  Melee: Dagger            |    23 |    43 ||    66
         Peck              |     4 |     8 ||    12
         Kick              |     3 |    11 ||    14
   Cast: Summon Small Mamm |    32 |    25 ||    57
         Call Imp          |     6 |    12 ||    18
         Call Canine Famil |       |     5 ||     5
   Stab: Distracted        |       |     2 ||     2
         Sleeping          |       |     1 ||     1
 Armour: Robe              |     5 |     8 ||    13
  Dodge: Dodged            |    16 |    25 ||    41
